 Dungeon Crawl Stone Soup version 0.27.1-34-g3ba077fa99 (webtiles) character file.

Game seed: 16594243104313882952

23 cbfl8 the Sneak (level 2, -6/27 HPs)
             Began as a Minotaur Delver on Jan 17, 2022.
             Mangled by a gnoll shaman (13 damage)
             ... on level 5 of the Dungeon.
             The game lasted 00:02:09 (446 turns).

cbfl8 the Sneak (Minotaur Delver)                    Turns: 446, Time: 00:02:10

Health: -6/27      AC:  3    Str: 16    XL:     2   Next: 75%
Magic:  1/1        EV: 11    Int:  7    God:
Gold:   10         SH:  0    Dex: 11    Spells: 1/1 levels left

rFire    . . .     SeeInvis .   a - +0 hand axe
rCold    . . .     Faith    .   (no shield)
rNeg     . . .     Spirit   .   b - +0 leather armour
rPois    .         Reflect  .   (helmet restricted)
rElec    .         Harm     .   (no cloak)
rCorr    .         Rampage  .   (no gloves)
Will     .....                  (no boots)
Stlth    +.........             (no amulet)
HPRegen  0.09/turn              (no ring)
MPRegen  0.07/turn              (no ring)

@: lit by a corona, glowing
A: horns 2, retaliatory headbutt
a: no special abilities


You were on level 5 of the Dungeon.
You visited 1 branch of the dungeon, and saw 1 of its levels.

You collected 10 gold pieces.

Inventory:

Hand Weapons
 a - a +0 hand axe (weapon)
Armour
 b - a +0 leather armour (worn)
Jewellery
 i - a +6 ring of strength
Wands
 g - a wand of digging (3)
Scrolls
 c - a scroll of fog
 d - a scroll of magic mapping
 e - a scroll of fear
 h - a scroll of identify {unknown}
Potions
 f - a potion of haste


   Skills:
 + Level 3.7 Fighting
 + Level 2.4 Axes
 + Level 2.2 Dodging
 + Level 4.8 Stealth


You had one spell level left.
You didn't know any spells.
Your spell library was empty.

Dungeon Overview and Level Annotations

Branches:
Dungeon (5/15)
 Temple: D:4-7

Altars:
Uskayaw


Innate Abilities, Weirdness & Mutations

You have a pair of horns on your head.
You reflexively headbutt those who attack you in melee.


Message History

Things that are here:
a +0 dagger; a +0 robe Really walk into a travel-excluded area?
Things that are here:
a +0 flail; an orc skeleton
Things that are here:
a +0 dagger; an orc skeleton
Found 13 stones.
Found 15 gold pieces.
Found an escape hatch in the floor.
A gnoll and a gnoll shaman come into view.
A gnoll comes into view. It is wielding a +0 spear.
You see here 15 gold pieces.
Things that are here:
a +0 dagger; an orc skeleton
Things that are here:
a +0 flail; an orc skeleton Really walk into a travel-excluded area?
The phantom closely misses you. The phantom hits you.
The phantom blinks!
You blink.
You see here a +0 hand axe.
The phantom hits you but does no damage.
The phantom closely misses you.
The ufetubus shouts!
The phantom hits you.
The phantom blinks!
You blink.
The gnoll shaman invokes the aid of its god against you.
You are outlined in light.
The gnoll shaman hits you with a +0 club.
The phantom hits you.
The gnoll shaman hits you with a +0 club.
The ufetubus hits you but does no damage.
The ufetubus barely misses you.
You hit the gnoll shaman but do no damage.
Your headbutt misses the gnoll shaman.
The gnoll shaman hits you with a +0 club!
* * * LOW HITPOINT WARNING * * *
Unknown command.
You hit the gnoll shaman.
The gnoll shaman is moderately wounded.
The gnoll shaman hits you with a +0 club!
You die...

≈≈≈≈.......## ≈≈≈≈≈......#
≈≈≈≈≈≈≈≈....#
.≈≈≈≈≈≈≈≈≈≈≈.#
..≈≈≈≈≈≈≈≈..)##
..≈≈≈≈≈≈≈≈.÷).#
..≈≈≈§≈≈≈.....#
..≈≈≈≈≈≈......####
...≈≈≈≈≈...).Wg@.#
...≈≈≈≈≈.....5##....... #
...≈≈≈≈.....)##.........
...≈≈≈≈....).##.######.#
....≈≈.......##. #.##
##..##.#.###.##.#####...##
#.....#.# #..#..##......##
# ###.#.####'##'##'###...#
#.#.##.....#.....#...


You could see a phantom, a gnoll shaman and an ufetubus.

Vanquished Creatures
  An orc wizard (D:5)
  An adder (D:5)
  An ufetubus (D:5)
3 creatures vanquished.

Vanquished Creatures (others)
  An orc priest (D:5)
  3 orcs (D:5)
4 creatures vanquished.

Grand Total: 7 creatures vanquished

Notes
Turn   | Place    | Note
-------+----------+-------------------------------------------
     0 | D:5      | cbfl8 the Minotaur Delver began the quest for the Orb.
     0 | D:5      | Reached XP level 1. HP: 19/19 MP: 0/0
     6 | D:5      | Killed an orc priest
    23 | D:5      | Found a hide-covered altar of Uskayaw.
   131 | D:5      | Noticed an orc wizard
   141 | D:5      | Killed an orc wizard
   142 | D:5      | Reached XP level 2. HP: 26/26 MP: 1/1
   172 | D:5      | Noticed a phantom
   446 | D:5      | Mangled by a gnoll shaman

Illustrated notes

Levels and vault maps discovered:
D:5:      layout_loops_ring, mainiacjoe_overflow_paths,
          mainiacjoe_overflow_24_doors, temple_statues, serial_rivers,
          chequers_serial_rivers_marsh, chequers_serial_rivers_large_b,
          chequers_serial_rivers_micro_d, chequers_serial_rivers_micro_b,
          chequers_serial_rivers_micro_d, serial_shops, shop,
          lemuel_old_faithful

Action                   || total
-------------------------++-------
Melee: Hand axe          ||    12
       Headbutt          ||     2
Armor: Leather armour    ||     3
Dodge: Dodged            ||    11
